AoeStats
← Rexie

Black Forest

503210000Analyzed
3v3 RM · 1mo ago on Aug 30, 2026· 88m 25s· 6 players
Game mode
Random Map
Map size
Normal (6 player)
Population
200
Speed
Normal
Resources
Standard
Victory
Conquest
Starting age
Dark Age
Ending age
Imperial Age
RankedLock teamsTeams togetherTeam positionsShared explorationLock speedFull tech treeHidden civsTurbo modeCheats
Victory
Defeat
🇺🇸 Huns · United States
704
+13
🇲🇽 Persians · Mexico
699
+13
🇦🇷 Chinese · Argentina
666
+15
🇮🇳 Khmer · India
665
-15
🇮🇳 Franks · India
653
-14
🇮🇳 Britons · India
600
-12
felix
5:10 Loom
15:35 Feudal Age
16:52 Wheelbarrow
15:59 Horse Collar
16:14 Double-Bit Axe
16:49 Gold Mining
17:05 Town Watch
17:40 Stone Mining
23:24 Castle Age
23:09 Fletching
23:31 Forging
23:22 Scale Mail Armor
23:23 Padded Archer Armor
23:30 Scale Barding Armor
24:23 Hand Cart
24:10 Heavy Plow
24:21 Bow Saw
24:44 Town Patrol
25:33 Gold Shaft Mining
25:06 Pikeman
25:47 Squires
29:19 Caravan
30:07 Elite Skirmisher
36:53 Imperial Age
38:52 Two-Man Saw
38:56 Conscription
39:04 Atheism
38:49 Marauders
39:01 Halberdier
39:28 Arson
40:12 Parthian Tactics
41:57 Heavy Cavalry Archer
42:55 Bodkin Arrow
43:36 Iron Casting
43:08 Scale Barding Armor
43:19 Chain Mail Armor
43:37 Bracer
44:11 Thumb Ring
43:40 Sappers
44:32 Leather Archer Armor
44:35 Husbandry
44:46 Bloodlines
43:56 Light Cavalry
51:10 Cavalier
52:31 Elite Tarkan
54:25 Paladin
64:41 Hussar
64:55 Hussar
81:13 Blast Furnace
80:33 Chain Barding Armor
83:26 Masonry
83:37 Ballistics
83:13 Murder Holes
84:20 Chemistry
82:53 Capped Ram
jsusdgz
16:03 Feudal Age
16:26 Double-Bit Axe
20:12 Loom
23:51 Castle Age
26:17 Crossbowman
29:17 Horse Collar
29:50 Bow Saw
34:06 Imperial Age
32:58 Caravan
33:28 Coinage
37:08 Elite War Elephant
39:08 Guilds
39:37 Banking
74:29 Chemistry
ZayaTruco
0:29 Loom
19:23 Feudal Age
20:00 Horse Collar
20:07 Double-Bit Axe
21:03 Wheelbarrow
23:54 Fletching
24:05 Padded Archer Armor
25:12 Gold Mining
25:16 Stone Mining
31:02 Castle Age
30:48 Arson
32:35 Bow Saw
32:33 Bodkin Arrow
32:54 Leather Archer Armor
32:44 Heavy Plow
33:28 Stone Shaft Mining
34:36 Hand Cart
35:16 Thumb Ring
37:10 Gold Shaft Mining
39:03 Ballistics
40:28 Caravan
40:58 Coinage
44:20 Imperial Age
46:10 Elite Chu Ko Nu
47:38 Conscription
48:27 Bracer
49:32 Ring Archer Armor
50:48 Chemistry
Rexie
0:41 Loom
15:19 Feudal Age
17:44 Town Watch
17:51 Double-Bit Axe
25:55 Castle Age
24:29 Stone Mining
26:57 Bow Saw
27:01 Caravan
31:18 Wheelbarrow
31:18 Horse Collar
36:49 Hand Cart
36:02 Pikeman
36:43 Squires
36:29 Gambesons
37:30 Forging
37:21 Scale Mail Armor
41:02 Imperial Age
40:07 Iron Casting
43:00 Conscription
43:47 Blast Furnace
43:03 Chain Mail Armor
42:30 Halberdier
44:06 Town Patrol
44:44 Fletching
44:54 Padded Archer Armor
48:48 Elite Longbowman
53:37 Cavalier
54:18 Husbandry
64:43 Two-Man Saw
77:45 Leather Archer Armor
81:54 Heavy Plow
81:50 Gold Mining
82:53 Bodkin Arrow
83:46 Ballistics
84:27 Chemistry
83:41 Fortified Wall
87:34 Warwolf
87:58 Yeomen
NaraSimham
1:43 Loom
16:07 Feudal Age
23:43 Wheelbarrow
25:39 Castle Age
27:47 Wheelbarrow
28:39 Fortified Wall
28:52 Ballistics
29:25 Horse Collar
31:45 Double-Bit Axe
35:15 Gold Mining
35:28 Heavy Plow
35:41 Caravan
36:07 Hand Cart
38:21 Gold Shaft Mining
40:33 Imperial Age
38:28 Ballistics
39:20 Bow Saw
42:06 Crop Rotation
41:54 Double Crossbow
43:48 Siege Engineers
44:44 Chemistry
44:43 Heavy Scorpion
53:12 Capped Ram
57:05 Siege Ram
Cocainwrld
0:29 Loom
22:17 Feudal Age
25:07 Double-Bit Axe
29:41 Wheelbarrow
29:01 Stone Mining
29:01 Gold Mining
33:35 Castle Age
34:56 Bow Saw
39:31 Hand Cart
39:17 Arson
49:50 Imperial Age
49:45 Pikeman
50:25 Squires
50:34 Husbandry
Connection lost

Rejoining the realm…

Still unreachable

The connection could not be restored.

Session expired

The server has moved on; the page needs a fresh start.